Map: Last Impact

Players

SnoopnShades

  • Race: Terran Terran
  • Spawn Location: 5:00

BioLogical

  • Race: Terran Terran
  • League: Master
  • Spawn Location: 5:00

PSIDisruptor

  • Race: Protoss Protoss
  • Spawn Location: 5:00

SUPERBRUNO

  • Race: Zerg Zerg
  • Spawn Location: 5:00

Breakfast

  • Race: Terran Terran
  • Spawn Location: 7:00

Cthulhu

  • Race: Zerg Zerg
  • Spawn Location: 7:00

Throwfordays

  • Race: Protoss Protoss
  • League: Bronze
  • Spawn Location: 7:00

Faust

  • Race: Zerg Zerg
  • League: Platinum
  • Spawn Location: 7:00

VOD

Have the link to the VOD?

Description

Time

  • Played on: Jan. 28, 2019, 1:44 p.m.
  • Length: 8:50
Show
View Real Time Build Order
Export as new Build Order

SnoopnShades Terran 

Build Orders: Command Center First (CC) 

Get SALT Encoding   

  12  0:02  SCV  
  13  0:14  SCV  
  13  0:20  Supply Depot  
  14  0:26  SCV  
  15  0:41  SCV  
  16  0:53  SCV  
  17  1:06  SCV  
  17  1:10  Command Center  
  18  1:18  SCV  
  19  1:23  Barracks  
  19  1:30  SCV  
  20  1:35  Refinery  
  20  1:39  Refinery  
  20  1:44  SCV  
  21  2:00  Supply Depot  
  21  2:03  SCV  
  22  2:15  Orbital Command  
  22  2:21  Orbital Command  
  22  2:41  SCV  
  22  2:42  Factory  
  22  2:48  SCV  
  23  2:53  SCV  
  24  3:00  SCV  
  24  3:01  Refinery  
  25  3:05  SCV  
  26  3:14  SCV  
  26  3:18  SCV  
  28  3:20  Refinery  
  28  3:23  Supply Depot  
  28  3:26  SCV  
  29  3:30  SCV  
  29  3:33  Starport  
  30  3:34  Starport  
  30  3:35  Starport  
  30  3:39  SCV  
  31  3:42  SCV, Factory Tech Lab  
  32  3:52  Supply Depot, SCV  
  32  3:54  SCV  
  34  4:03  Cyclone  
  34  4:04  SCV  
  38  4:10  Fusion Core  
  38  4:12  SCV  
  38  4:17  SCV  
  40  4:19  Starport Tech Lab x3  
  40  4:25  SCV  
  40  4:29  SCV, Supply Depot  
  42  4:37  SCV  
  43  4:41  SCV  
  44  4:49  SCV  
  45  4:53  SCV  
  46  5:23  Engineering Bay  
  46  5:24  Battlecruiser x3  
  64  5:31  Supply Depot  
  64  5:33  Barracks Tech Lab  
  64  5:35  Barracks  
  64  5:36  Barracks  
  64  5:39  Weapon Refit  
  64  5:42  Supply Depot  
  64  5:45  SCV x2  
  64  5:48  Supply Depot  
  66  5:56  Missile Turret  
  66  5:58  Missile Turret  
  66  6:01  SCV x2  
  67  6:13  Stimpack  
  66  6:40  SCV x2  
  68  6:47  Missile Turret  
  68  6:51  Missile Turret  
  68  6:52  SCV x2  
  68  6:53  Missile Turret  
  70  7:07  Command Center  
  64  7:29  Barracks Reactor  
  52  7:30  Barracks Reactor  
  52  7:31  Marine  
  52  7:34  Battlecruiser x3  
  71  7:39  Starport  
  71  7:42  SCV x2  
  73  7:49  Marine  
  74  7:54  SCV x2  
  74  7:56  Barracks  
  74  7:57  Barracks  
  76  7:59  Barracks  
  76  8:00  Engineering Bay  
  76  8:02  Barracks  
  76  8:03  Armory  
  76  8:04  Armory  
  76  8:06  SCV x2  
  78  8:12  Marine  
  78  8:13  Marine x2  
  78  8:18  SCV x2  
  83  8:21  Orbital Command  
  83  8:25  Refinery  
  83  8:27  Supply Depot  
  83  8:30  Refinery, SCV x2  
  83  8:42  Starport Reactor  
  83  8:47  Barracks Reactor  
  83  8:48  Barracks Reactor x2  
Show
View Real Time Build Order
Export as new Build Order

BioLogical Terran 

Build Orders: Gas First Reaper Expand 

Get SALT Encoding   

  12  0:00  SCV  
  13  0:13  SCV  
  14  0:17  Supply Depot  
  14  0:25  SCV  
  15  0:29  Refinery  
  15  0:39  SCV  
  16  0:46  Barracks  
  16  0:51  SCV  
  17  1:03  SCV  
  18  1:15  SCV  
  19  1:33  Reaper, Orbital Command  
  20  1:46  Command Center  
  20  1:53  Supply Depot  
  20  2:00  SCV  
  21  2:06  Barracks Reactor  
  21  2:12  SCV  
  22  2:15  Supply Depot  
  22  2:24  SCV  
  23  2:36  SCV  
  24  2:38  Factory  
  24  2:40  Refinery  
  24  2:48  Marine, SCV  
  24  2:49  Marine  
  27  2:55  Barracks  
  27  3:01  Orbital Command  
  27  3:02  SCV  
  28  3:12  Marine x2  
  29  3:15  SCV  
  31  3:27  SCV, Starport  
  31  3:28  Factory Reactor  
  32  3:36  Barracks  
  32  3:40  SCV x2  
  33  3:44  Barracks Reactor  
  33  3:45  Marine x2  
  35  3:51  Barracks Tech Lab  
  35  3:52  SCV x2  
  37  4:04  Marine x2, SCV x2  
  37  4:08  Medivac  
  43  4:12  Marine  
  43  4:14  Widow Mine  
  43  4:15  Widow Mine  
  48  4:20  SCV x2  
  50  4:25  Supply Depot  
  50  4:28  Supply Depot  
  50  4:32  Marine x3  
  50  4:33  Stimpack  
  50  4:34  SCV  
  54  4:47  Marine x2, Medivac  
  54  4:49  Widow Mine  
  54  4:50  Marine x2  
  54  4:51  Supply Depot  
  54  4:52  SCV x2  
  64  5:02  Marine  
  64  5:04  SCV  
  64  5:05  Marine x2  
  68  5:08  Marine  
  68  5:09  Marine  
  68  5:13  SCV, Widow Mine  
  73  5:16  SCV  
  73  5:17  Medivac  
  73  5:19  Supply Depot  
  73  5:20  Marine  
  77  5:22  Marine, Engineering Bay  
  78  5:34  Refinery x2  
  78  5:40  Marine x5, SCV x2  
  78  5:41  Supply Depot  
  85  5:50  Terran Infantry Weapons Level 1  
  85  5:51  Supply Depot  
  85  5:52  SCV  
  85  5:53  Missile Turret  
  86  6:02  Marine, SCV  
  86  6:03  Marine x3  
  86  6:04  Marine  
  92  6:12  Combat Shield  
  92  6:20  Marine  
  92  6:23  SCV x2  
  95  6:26  Command Center  
  95  6:33  Supply Depot  
  95  6:35  Missile Turret  
  95  6:37  Marine x2  
  95  6:38  Marine  
  98  6:42  Supply Depot  
  98  6:47  Supply Depot  
  98  6:49  Marine x2  
  82  7:02  Marine x2  
  82  7:03  Marine  
  82  7:04  Widow Mine, Medivac  
  82  7:06  Marine x2  
  90  7:13  SCV x2  
  81  7:23  Engineering Bay  
  81  7:26  Armory  
  81  7:28  Marine x3  
  81  7:29  Marine  
  85  7:34  Medivac  
  87  7:38  Marine  
  86  7:46  Marine x3  
  86  7:47  Orbital Command  
  86  7:49  SCV x2  
  85  7:55  Marine  
  85  7:56  Marine  
  87  8:01  SCV x2  
  89  8:07  Marine x2  
  89  8:08  Marine  
  92  8:13  Marine, SCV x2  
  92  8:14  Supply Depot  
  95  8:21  Marine  
  95  8:25  Marine x3, SCV x2  
  95  8:26  SCV, Barracks  
  102  8:27  Barracks  
  101  8:42  Command Center  
Show
View Real Time Build Order
Export as new Build Order

PSIDisruptor Protoss 

Build Orders: Nexus First, Phoenix Opening, Mass Phoenix 

Get SALT Encoding   

  12  0:11  Probe  
  13  0:23  Probe  
  14  0:33  Probe  
  15  0:36  Pylon  
  15  0:50  Probe  
  16  1:01  Nexus  
  16  1:07  Pylon  
  16  1:12  Probe  
  17  1:24  Probe  
  18  1:37  Gateway  
  18  1:40  Pylon  
  18  1:44  Probe  
  18  1:45  Assimilator  
  18  1:50  Assimilator  
  18  1:52  Probe  
  20  2:02  Forge  
  20  2:04  Probe  
  21  2:16  Probe  
  21  2:19  Probe  
  23  2:26  Cybernetics Core  
  23  2:35  Photon Cannon  
  23  2:38  Probe  
  23  2:39  Probe  
  25  2:47  Probe x2  
  27  2:55  Probe x2  
  27  3:05  Stargate  
  29  3:09  Probe  
  29  3:10  Pylon  
  29  3:12  Probe  
  31  3:21  Probe  
  31  3:23  Warp Gate  
  31  3:24  Probe  
  33  3:27  Stargate  
  33  3:33  Probe  
  34  3:36  Probe  
  34  3:38  Photon Cannon  
  35  3:43  Pylon  
  35  3:47  Probe  
  36  3:49  Probe  
  36  3:51  Assimilator  
  37  3:55  Phoenix  
  39  4:05  Assimilator  
  39  4:08  Photon Cannon  
  39  4:09  Probe  
  41  4:10  Probe  
  41  4:22  Phoenix, Probe x2  
  45  4:27  Phoenix  
  47  4:34  Probe x2  
  49  4:51  Phoenix  
  49  4:52  Phoenix  
  53  5:04  Protoss Air Weapons Level 1  
  54  5:07  Probe x2  
  55  5:26  Phoenix x2  
  59  5:40  Nexus  
  59  5:42  Pylon  
  59  5:46  Pylon  
  59  5:48  Probe x2  
  61  5:51  Phoenix x2  
  61  5:56  Fleet Beacon  
  65  5:57  Pylon  
  65  6:00  Probe x2  
  67  6:06  Photon Cannon  
  67  6:11  Photon Cannon  
  67  6:26  Probe x2  
  69  6:38  Probe x2  
  71  6:43  Phoenix x2  
  75  6:55  Nexus  
  75  6:59  Pylon  
  75  7:02  Pylon  
  75  7:11  Assimilator  
  75  7:14  Assimilator  
  75  7:19  Phoenix x2  
  79  7:44  Phoenix x2  
  79  7:48  Probe  
  79  7:49  Probe x2  
  86  8:00  Probe  
  86  8:01  Probe x2  
  89  8:09  Phoenix x2  
  93  8:13  Cybernetics Core  
  93  8:14  Twilight Council  
  93  8:16  Pylon  
  93  8:21  Pylon x2, Stargate  
Show
View Real Time Build Order
Export as new Build Order

SUPERBRUNO Zerg 

Build Orders: Hatch First 

Get SALT Encoding   

  12  0:17  Drone x2  
  14  0:44  Hatchery  
  13  0:50  Drone  
  14  0:58  Spawning Pool  
  14  1:00  Extractor  
  14  1:01  Extractor  
  11  1:05  Drone  
  12  1:12  Drone  
  13  1:25  Drone  
  14  1:29  Overlord  
  14  1:40  Overlord  
  14  1:48  Drone  
  15  1:56  Metabolic Boost  
  15  2:02  Drone  
  15  2:06  Drone  
  17  2:09  Drone  
  17  2:13  Drone  
  17  2:15  Drone  
  20  2:20  Drone  
  21  2:24  Drone  
  21  2:29  Drone  
  23  2:31  Drone  
  24  2:44  Overlord  
  24  2:45  Drone  
  25  2:53  Drone x2  
  27  2:59  Queen  
  27  3:00  Queen  
  27  3:02  Drone  
  32  3:06  Drone  
  33  3:14  Overlord  
  33  3:19  Drone  
  34  3:22  Drone  
  34  3:26  Zergling x2  
  36  3:31  Hatchery  
  35  3:34  Drone  
  35  3:38  Zergling x2  
  37  3:43  Evolution Chamber  
  37  3:44  Drone, Evolution Chamber  
  37  3:47  Extractor  
  37  3:48  Extractor, Zergling x2  
  34  3:54  Drone  
  36  3:57  Drone  
  37  4:05  Zergling x2  
  37  4:07  Zergling x2  
  37  4:08  Zergling x2  
  37  4:09  Zergling x2  
  41  4:11  Zergling x2  
  41  4:15  Lair  
  42  4:17  Zergling x6  
  42  4:21  Evolution Chamber  
  44  4:25  Drone  
  44  4:28  Drone  
  46  4:32  Drone  
  47  4:39  Drone  
  47  4:43  Drone  
  49  4:49  Zerg Melee Weapons Level 1  
  49  4:50  Drone x2  
  51  4:57  Zerg Ground Armor Level 1  
  51  5:02  Drone  
  51  5:06  Drone x2  
  54  5:08  Drone  
  55  5:16  Drone  
  55  5:17  Infestation Pit  
  55  5:21  Zerg Missile Weapons Level 1  
  55  5:25  Zergling x2  
  55  5:26  Overlord  
  57  5:28  Drone  
  57  5:34  Drone  
  57  5:35  Overlord  
  58  5:37  Overlord  
  58  5:42  Burrow  
  58  5:47  Overlord  
  58  5:48  Drone  
  59  5:51  Overlord  
  59  5:55  Drone x2  
  61  6:00  Drone x2  
  61  6:02  Extractor, Drone  
  63  6:05  Extractor  
  63  6:09  Drone x2  
  64  6:11  Neural Parasite  
  64  6:16  Drone x2  
  66  6:22  Drone  
  66  6:23  Drone x3  
  66  6:25  Drone  
  71  6:27  Drone  
  71  6:28  Drone  
  71  6:30  Drone  
  74  6:39  Overlord x2  
  74  6:43  Overlord  
  74  7:04  Infestor x5  
  74  7:07  Drone  
  74  7:08  Drone  
  85  7:23  Infestor x3  
  88  7:30  Pathogen Glands  
  88  7:32  Zergling x4  
  88  7:33  Zergling x4  
  88  7:35  Zergling x8  
  88  7:37  Hatchery  
  88  7:38  Drone  
  88  7:43  Zergling x2  
  89  7:48  Drone  
  89  7:49  Zergling x2  
  91  7:54  Zergling x2  
  92  7:59  Infestor x3  
  92  8:01  Queen, Drone  
  95  8:07  Zergling x2  
  96  8:13  Zergling x4  
  96  8:18  Zergling x6  
  108  8:28  Zergling x6, Drone  
Show
View Real Time Build Order
Export as new Build Order

Breakfast Terran 

Build Orders:  

Get SALT Encoding   

  12  0:01  SCV  
  13  0:18  SCV  
  14  0:29  Supply Depot  
  14  0:55  Supply Depot  
  14  0:56  SCV  
  15  1:08  SCV  
  16  1:20  SCV  
  16  1:21  Supply Depot  
  17  1:40  Refinery  
  17  2:00  Barracks  
  17  2:06  SCV  
  18  2:18  SCV  
  19  2:29  Command Center  
  19  2:30  SCV  
  20  2:49  Marine  
  21  2:56  Bunker  
  21  3:04  SCV  
  22  3:07  Marine  
  21  3:29  SCV  
  21  3:33  Marine  
  23  3:51  Marine  
  23  3:54  Barracks  
  24  4:09  Marine  
  25  4:14  Refinery, SCV  
  26  4:26  SCV  
  26  4:27  Marine  
  28  4:38  SCV  
  28  4:45  Marine  
  30  4:47  Bunker  
  30  4:48  Marine  
  31  5:00  Orbital Command  
  31  5:02  Marine  
  32  5:20  Marine x2  
  34  5:38  Marine x2  
  36  5:55  Marine  
  38  5:57  SCV  
  38  6:07  Factory  
  38  6:09  SCV  
  38  6:20  Engineering Bay  
  21  8:13  Marine x2  
  23  8:30  Marine  
  23  8:31  Marine  
Show
View Real Time Build Order
Export as new Build Order

Cthulhu Zerg 

Build Orders: Hatch First 

Get SALT Encoding   

  12  0:01  Drone  
  13  0:10  Drone  
  14  0:37  Hatchery  
  13  0:45  Drone  
  14  0:53  Overlord  
  14  1:07  Extractor, Drone  
  14  1:13  Drone x2  
  16  1:20  Spawning Pool  
  16  1:24  Drone  
  16  1:32  Drone  
  17  1:44  Extractor  
  17  1:46  Drone  
  17  1:55  Drone  
  18  2:06  Drone x3  
  21  2:17  Lair  
  21  2:18  Drone x2  
  23  2:24  Extractor  
  23  2:26  Extractor, Drone  
  22  2:43  Drone x3  
  24  2:46  Overlord  
  24  2:52  Drone  
  25  3:01  Drone x2  
  27  3:07  Drone x2  
  29  3:25  Spire  
  28  3:28  Overlord  
  28  3:55  Queen x2  
  32  4:08  Drone  
  33  4:13  Drone  
  34  4:38  Mutalisk x5  
  34  4:40  Overlord  
  44  4:52  Zerg Flyer Weapons Level 1  
  40  5:38  Mutalisk x2  
  44  5:44  Overlord  
  44  5:45  Overlord  
  44  6:00  Overlord  
  42  6:17  Overlord  
  42  6:22  Corruptor x3  
  42  6:23  Corruptor  
  46  6:33  Evolution Chamber, Overlord x2  
  46  6:34  Drone  
  46  6:35  Drone x6  
  35  7:25  Mutalisk x6  
  35  7:26  Mutalisk x3  
  39  8:09  Drone x4  
  39  8:10  Drone x2  
  45  8:21  Mutalisk  
  45  8:22  Overlord  
Show
View Real Time Build Order
Export as new Build Order

Throwfordays Protoss 

Build Orders:  

Get SALT Encoding   

  12  0:05  Probe  
  13  0:17  Probe  
  13  0:19  Pylon  
  14  0:29  Probe  
  15  0:39  Gateway  
  15  0:41  Probe  
  16  0:53  Probe  
  17  0:57  Assimilator  
  17  1:09  Probe  
  18  1:21  Probe  
  19  1:26  Cybernetics Core  
  19  1:31  Zealot  
  21  1:33  Probe  
  21  1:36  Pylon  
  22  1:44  Warp Gate  
  22  1:45  Probe  
  23  1:57  Nexus  
  23  2:03  Assimilator  
  23  2:11  Pylon  
  23  2:33  Adept  
  23  2:35  Probe  
  26  2:40  Robotics Facility  
  26  2:47  Probe  
  26  2:51  Pylon  
  27  2:59  Gateway, Probe  
  28  3:31  Gateway  
  28  3:32  Gateway  
  28  3:37  Probe  
  28  3:40  Probe  
  30  3:49  Probe  
  30  3:52  Probe  
  32  4:01  Probe  
  33  4:04  Probe, Warp Prism  
  36  4:13  Probe  
  36  4:17  Assimilator, Probe  
  38  4:21  Assimilator  
  38  4:25  Probe  
  38  4:29  Probe  
  40  4:38  Probe  
  41  4:41  Probe  
  42  4:48  Pylon  
  42  4:50  Probe  
  43  4:53  Probe  
  43  4:58  Adept x2  
  43  4:59  Adept  
  50  5:02  Probe  
  50  5:03  Adept  
  50  5:05  Probe  
  55  5:14  Probe  
  55  5:17  Probe  
  56  5:23  Stalker x3  
  56  5:24  Stalker  
  56  5:26  Probe  
  65  5:29  Probe  
  66  5:54  Nexus  
  66  6:02  Probe  
  67  6:05  Probe  
  68  6:12  Robotics Bay  
  68  6:15  Stalker  
  69  6:32  Pylon  
  69  6:35  Pylon  
  69  6:37  Pylon  
  62  6:41  Pylon  
  62  6:44  Pylon  
  62  6:46  Probe  
  60  6:47  Pylon x2  
  60  6:50  Pylon  
  60  6:51  Pylon  
  60  6:52  Pylon  
  60  6:58  Probe  
  53  7:04  Stalker  
  53  7:05  Stalker x3  
  59  7:10  Probe  
  46  7:23  Probe  
  40  7:35  Probe  
  38  7:54  Stalker x4  
  44  8:15  Probe  
  43  8:27  Probe  
Show
View Real Time Build Order
Export as new Build Order

Faust Zerg 

Build Orders: Hatch First 

Get SALT Encoding   

  12  0:01  Drone  
  13  0:08  Drone  
  14  0:15  Extractor  
  14  0:16  Drone  
  15  0:28  Overlord  
  15  0:47  Drone  
  15  0:48  Drone  
  17  0:56  Hatchery  
  16  1:01  Drone  
  17  1:13  Spawning Pool  
  16  1:20  Drone  
  16  1:23  Extractor, Drone  
  17  1:33  Drone  
  17  1:35  Drone  
  19  1:46  Overlord  
  19  2:01  Queen  
  19  2:03  Zergling x2  
  19  2:07  Queen  
  24  2:08  Zergling x2  
  24  2:09  Zergling x2  
  26  2:24  Metabolic Boost  
  26  2:25  Drone x3  
  29  2:42  Drone x3  
  32  2:52  Drone x2  
  34  3:05  Overlord x2  
  34  3:20  Drone  
  34  3:21  Drone  
  34  3:26  Drone x5  
  41  3:28  Hatchery  
  40  3:37  Drone x2  
  40  3:38  Drone, Overlord  
  43  3:53  Lair  
  43  3:57  Drone x3, Baneling Nest  
  43  3:58  Extractor  
  43  3:59  Drone  
  45  4:02  Extractor  
  45  4:03  Extractor, Drone x2  
  45  4:07  Overlord  
  45  4:42  Zergling x20  
  54  4:59  Drone  
  55  5:05  Zergling x2  
  55  5:06  Zergling x6  
  59  5:13  Spore Crawler x2  
  56  5:17  Spore Crawler x2, Baneling x3  
  52  5:30  Zergling x2, Baneling x2  
  52  5:31  Zergling x8  
  57  5:37  Overlord x2  
  57  5:45  Overlord x4  
  57  5:55  Queen  
  59  6:13  Infestation Pit  
  59  6:15  Hydralisk Den  
  59  6:16  Drone x3  
  59  6:17  Drone x4  
  59  6:18  Roach Warren  
  63  6:20  Drone  
  63  6:21  Drone x6  
  70  6:30  Pneumatized Carapace  
  70  6:36  Spore Crawler  
  68  6:41  Centrifical Hooks  
  68  6:42  Spore Crawler  
  68  6:44  Hydralisk  
  53  7:03  Zergling x2  
  53  7:04  Zergling x22  
  64  7:13  Hydralisk x2  
  68  7:20  Extractor, Drone  
  68  7:21  Drone x4  
  72  7:22  Extractor  
  57  7:50  Drone  
  57  7:51  Drone x3  
  61  7:52  Drone x3  
  64  7:59  Hydralisk  
  64  8:00  Hydralisk x7  
  80  8:08  Drone  
  80  8:09  Drone x2  
  83  8:16  Drone x2  
Tags
 
Add a new tag
Caveats
  • Supply blocks, unpowered buildings, or Contaminate may cause inaccurate times.
  • Supply counts are checked every 10 seconds.